 Dungeon Crawl Stone Soup version 0.28-a0-793-g31680bbd8b (webtiles) character file.

Game seed: 9246269112867297281

4851 ytrimaz the Basher (level 10, 0/107 HPs)
             Began as an Ogre Berserker on Nov 4, 2021.
             Was an Elder of Trog.
             Slain by a warg (2 damage)
             ... on level 9 of the Dungeon.
             The game lasted 00:09:25 (10125 turns).

ytrimaz the Basher (Ogre Berserker)                Turns: 10125, Time: 00:09:26

Health: 0/107      AC: 14    Str: 29    XL:     10   Next: 49%
Magic:  10/10      EV: 12    Int: 11    God:    Trog [****..]
Gold:   397        SH:  0    Dex: 10    Spells: 9/9 levels left

rFire   . . .      SeeInvis .   a - +1 mace (protect)
rCold   . . .      Faith    .   (no shield)
rNeg    . . .      Spirit   .   m - +0 steam dragon scales
rPois   .          Reflect  .   (helmet restricted)
rElec   .          Harm     .   (no cloak)
rCorr   +          Rampage  .   (gloves unavailable)
Will    +++..                   (boots unavailable)
Stlth   +.........              (no amulet)
HPRegen 1.27/turn               k - +4 ring of protection
MPRegen 0.12/turn               d - ring of Luvaar {rCorr AC+4 Str+3 Int+3}

@: strong-willed, on berserk cooldown, regenerating, hasted and slowed
A: large, unfitting armour, tough skin 1, agile 1, inability to read while
threatened
a: Renounce Religion, Berserk, Trog's Hand, Brothers in Arms


You were on level 9 of the Dungeon.
You worshipped Trog.
Trog was greatly pleased with you.
You visited 2 branches of the dungeon, and saw 10 of its levels.

You collected 435 gold pieces.
You spent 38 gold pieces at shops.

Inventory:

Hand Weapons
 a - a +1 mace of protection (weapon)
Armour
 m - +0 steam dragon scales (worn)
Jewellery
 d - the ring of Luvaar (right hand) {rCorr AC+4 Str+3 Int+3}
   (You acquired it on level 6 of the Dungeon)

   [ring of protection]

   AC:        It affects your AC (+4).
   Str:       It affects your strength (+3).
   Int:       It affects your intelligence (+3).
   rCorr:     It protects you from acid and corrosion.
 i - a +4 ring of evasion
 k - a +4 ring of protection (left hand)
 l - a ring of poison resistance
Wands
 f - a wand of iceblast (18)
 j - a wand of paralysis (5)
 o - a wand of polymorph (8)
 p - a wand of digging (2)
Scrolls
 c - 4 scrolls of teleportation
 n - a scroll of identify
Potions
 g - 2 potions of flight


   Skills:
 + Level 9.5 Fighting
 + Level 10.8 Maces & Flails
 + Level 7.5 Dodging


You had 9 spell levels left.
You didn't know any spells.
Your spell library was empty.

Dungeon Overview and Level Annotations

Branches:
Dungeon (9/15)             Temple (1/1) D:4
   Lair: D:8-11         Orc: D:9-12

Altars:
Ashenzari
Cheibriados
Dithmenos
Elyvilon
Fedhas
Gozag
Hepliaklqana
Kikubaaqudgha
Makhleb
Nemelex Xobeh
Okawaru
Qazlal
Ru
Sif Muna
Uskayaw
Vehumet
Wu Jian
Xom
Zin
The Shining One
Lugonu

Shops:
D:1 *   D:2 !(*((

Annotations:
D:5 1 runed translucent door


Innate Abilities, Weirdness & Mutations

You are too large for most types of armour.
You have tough skin. (AC +1)
You are agile. (Dex +2)
You sometimes lose the ability to read scrolls when taking damage.


Message History

You hear some strange, mumbled words.
A magic dart appears from out of thin air!
The magic dart hits you but does no damage.
You thump the orc!
You kill the orc!
Trog accepts your kill.
You feel sick. The warg bites you but does no damage.
Unknown command.
You feel the effects of Trog's Hand fading.
You feel sick. Something hits you.
* * * LOW HITPOINT WARNING * * *
You are more poisoned.
The orc warrior hits you but does no damage.
The warg barely misses you.
Items here: )) [[.
You feel sick.
You feel very sick.
You feel sick.
You feel sick.
Your skin stops crawling.
You feel less strong-willed.
* * * LOW HITPOINT WARNING * * *
You feel sick.
* * * LOW HITPOINT WARNING * * *
You feel sick.
* * * LOW HITPOINT WARNING * * *
You feel sick.
An orc wizard appears from thin air!
Reactivating autopickup.
Okay, then.
Your skin crawls.
You feel strong-willed.
You feel sick.
The orc wizard gestures wildly while chanting.
The orc wizard flickers and vanishes!
Deactivating autopickup; reactivate with Ctrl-A.
The warg bites you but does no damage.
You feel sick.
You are no longer poisoned.
The orc throws a boomerang of dispersal.
The boomerang of dispersal misses you. The warg bites you.
You die...

..... #....##oh##
.c...##....#))#.##
............'###o#
................#.#
.......##.......##.#
.......##.....o.#
#.#
................#
#.#
o...........h{..# ##
......##....@(..#
......##........#
................#
..##........##### .
#........####
............#
............#
##.+........#
#.#.......<#


You could see a warg, an orc warrior and an orc.

Vanquished Creatures
  A deep elf pyromancer (D:8)
  Joseph (D:7)
  A hornet (D:6)
  9 yaks
  A steam dragon (D:6)
  2 orc warriors
  An ice beast (D:6)
  A sky beast (D:7)
  2 black bears
  A necrophage (D:5)
  An ogre (D:5)
  A centaur (D:9)
  2 wyvern zombies
  A bullfrog (D:6)
  6 scorpions
  A water moccasin skeleton (D:6)
  6 killer bees (D:9)
  4 wights (D:8)
  A bullfrog zombie (D:7)
  A jelly (D:7)
  A gnoll shaman (D:5)
  An orc priest (D:9)
  2 centaur skeletons
  2 hounds (D:6)
  2 iguanas (D:5)
  8 orc wizards
  A killer bee zombie (D:8)
  A hound skeleton (D:4)
  5 gnolls (D:5)
  An adder (D:4)
  2 shadow imps
  2 white imps
  An ufetubus (D:6)
  3 worms (D:3)
  25 orcs
  3 bats
  3 endoplasms
  10 goblins
  9 hobgoblins
  3 jackals (D:5)
  3 quokkas
  7 ball pythons
  7 frilled lizards
  8 kobolds
  A quokka skeleton (D:4)
  8 rats
163 creatures vanquished.

Vanquished Creatures (others)
  A fungus (D:6)
  2 plants (D:6)
3 creatures vanquished.

Grand Total: 166 creatures vanquished

Notes
Turn   | Place    | Note
-------+----------+-------------------------------------------
     0 | D:1      | ytrimaz the Ogre Berserker began the quest for the Orb.
     0 | D:1      | Reached XP level 1. HP: 24/24 MP: 1/1
   188 | D:1      | Reached XP level 2. HP: 14/27 MP: 2/2
   527 | D:1      | Reached skill level 3 in Maces & Flails
   795 | D:1      | Found Focwuz's General Store.
   803 | D:1      | Bought a scroll of identify for 24 gold pieces
  1143 | D:1      | Reached XP level 3. HP: 37/38 MP: 3/3
  1364 | D:1      | Found a faded altar of an unknown god.
  1688 | D:2      | Reached ** piety under Trog
  1732 | D:2      | Found Xybberioch's Assorted Antiques.
  1747 | D:2      | Found Beakejil's Weapon Boutique.
  1887 | D:2      | Found Dusekhlass's Weapon Emporium.
  1907 | D:2      | Found Tiommige's Distillery.
  1914 | D:2      | Bought a potion of degeneration for 14 gold pieces
  2121 | D:2      | Found Herunned's Weapon Boutique.
  2819 | D:3      | Reached XP level 4. HP: 48/49 MP: 4/4
  3185 | D:3      | Found a white marble altar of Elyvilon.
  3242 | D:3      | Reached skill level 5 in Fighting
  3716 | D:4      | Found a staircase to the Ecumenical Temple.
  3727 | D:4      | Reached XP level 5. HP: 57/57 MP: 5/5
  3731 | Temple   | Entered the Ecumenical Temple
  3902 | D:4      | Reached skill level 4 in Maces & Flails
  4245 | D:4      | Found a shimmering blue altar of Sif Muna.
  4245 | D:4      | Found a snail-covered altar of Cheibriados.
  4747 | D:4      | Reached XP level 6. HP: 58/66 MP: 6/6
  5006 | D:5      | Entered Level 5 of the Dungeon
  5040 | D:5      | Reached skill level 5 in Maces & Flails
  5280 | D:5      | Noticed a black bear
  5290 | D:5      | Killed a black bear
  5291 | D:5      | Reached XP level 7. HP: 74/74 MP: 7/7
  5399 | D:5      | Found a runed translucent door.
  5399 | D:5      | Found a hazy altar of Hepliaklqana.
  5410 | D:5      | Reached *** piety under Trog
  5472 | D:5      | Reached skill level 6 in Maces & Flails
  6112 | D:6      | Reached XP level 8. HP: 83/84 MP: 8/8
  6147 | D:6      | Found a blossoming altar of Fedhas.
  6310 | D:6      | Found a stormy altar of Qazlal.
  6331 | D:6      | Noticed a hornet
  6343 | D:6      | Paralysed by a hornet for 2 turns
  6349 | D:6      | Killed a hornet
  6349 | D:6      | HP: 2/84 [poisoned by a hornet]
  6350 | D:6      | Reached skill level 7 in Maces & Flails
  6350 | D:6      | Reached skill level 5 in Dodging
  6359 | D:6      | HP: 3/84 [wyvern zombie (8)]
  6715 | D:6      | Found a hide-covered altar of Uskayaw.
  7419 | D:6      | Reached skill level 8 in Maces & Flails
  7419 | D:6      | Reached XP level 9. HP: 91/93 MP: 9/9
  7551 | D:6      | Identified a scroll of acquirement
  7551 | D:6      | Acquired the ring of Luvaar {rCorr AC+4 Str+3 Int+3}
  7869 | D:7      | Noticed Joseph
  7885 | D:7      | Killed Joseph
  8107 | D:7      | Reached skill level 9 in Maces & Flails
  8438 | D:7      | Found an opulent altar of Gozag.
  8438 | D:7      | Found a glowing silver altar of Zin.
  9093 | D:8      | Noticed a deep elf pyromancer
  9118 | D:8      | Killed a deep elf pyromancer
  9119 | D:8      | Reached skill level 10 in Maces & Flails
  9119 | D:8      | Reached XP level 10. HP: 55/107 MP: 10/10
  9940 | D:9      | Identified the +1 ring mail "Furphafu" {rPois Str-3 Int+5
                  | SInv}
 10077 | D:9      | Gained mutation: You sometimes lose the ability to read
                  | scrolls when taking damage. [potion of mutation]
 10077 | D:9      | Gained mutation: You are agile. (Dex +2) [potion of
                  | mutation]
 10087 | D:9      | Reached **** piety under Trog
 10118 | D:9      | HP: 4/107 [poisoned by an orc wizard]
 10123 | D:9      | HP: 2/107 [poisoned by an orc wizard]
 10125 | D:9      | Slain by a warg

Illustrated notes

Levels and vault maps discovered:
D:1:      lemuel_arrival_hallway, layout_basic,
          hellmonk_ecumenical_altar_leap_of_faith, serial_shops, shop_fountains
D:2:      layout_basic, serial_shops, nicolae_shop_crystal, shop, shop,
          nicolae_square_shop, shop, due_unseen_surprise
D:3:      layout_basic, mainiacjoe_overflow_24_doors
D:4:      layout_basic, amethyst_overflow_temple_binary, temple_doors_e,
          grunt_decor_clamped, kennysheep_generic_room_7
D:5:      layout_basic, lemuel_round_altar, lightli_church_of_beogh
D:6:      layout_basic, mainiacjoe_overflow_alcove_4,
          grunt_temple_overflow_forces_of_nature
D:7:      layout_loops_ring, grunt_temple_overflow_gold_and_silver, uniq_joseph
D:8:      layout_loops_corners
D:9:      layout_roguey, erik_orc_4, serial_glass, glass_columns_a,
          glass_columns_b, corexii_leaking_fountain
Temple:   kb_corrupted_temple

Skill      XL: |  1  2  3  4  5  6  7  8  9 |
---------------+----------------------------+-----
Maces & Flails | 3 4 5 6 8 10 | 10.8
Dodging        | 3 4 5 7 |  7.5
Fighting       | 5 6 7 9 |  9.5

Action                   |  1- 3 |  4- 6 |  7- 9 | 10-12 || total
-------------------------+-------+-------+-------+-------++-------
Melee: Mace              |   129 |   167 |   303 |   140 ||   739
Invok: Berserk           |     3 |     3 |     7 |     2 ||    15
       Trog's Hand       |       |     1 |     3 |     3 ||     7
Evoke: Wand              |       |       |       |     1 ||     1
  Use: Scroll            |     3 |     5 |     3 |       ||    11
       Potion            |       |       |     2 |     3 ||     5
 Stab: Sleeping          |     1 |       |       |       ||     1
Armor: Animal skin       |    51 |   123 |    54 |       ||   228
       Steam dragon scal |       |       |    47 |    95 ||   142
Dodge: Dodged            |    87 |   111 |   216 |    84 ||   498

Table legend: (Time is in decaauts)
 A = Elapsed time spent in this place.
 B = Non-inter-level travel time spent in this place.
 C = Inter-level travel time spent in this place.
 D = Time resting spent in this place.
 E = Time spent auto-exploring this place.
 F = Levels seen in this place.
 G = Mean time per level.
                   A        B        C        D        E       F      G
               +--------+--------+--------+--------+--------+-----+--------+
         Total |  10299 |  10096 |    203 |    612 |   7998 |  10 | 1029.9 |
       Dungeon |  10196 |  10011 |    185 |    612 |   7929 |   9 | 1132.9 |
        Temple |    102 |     84 |     18 |      0 |     69 |   1 |  102.0 |
               +--------+--------+--------+--------+--------+-----+--------+

Top non-repeatable levels by time:
     D:6: 1681 daAuts
     D:1: 1667 daAuts
     D:8: 1443 daAuts
     D:3: 1387 daAuts
     D:4: 1303 daAuts
     D:5: 1134 daAuts
     D:7: 759 daAuts
     D:2: 637 daAuts
     D:9: 182 daAuts
  Temple: 102 daAuts
